 Dungeon Crawl Stone Soup version 0.30-b1-2-g02819fbbbe (webtiles) character file.

Game seed: 10005939145761792474

4 Kold the Trooper (level 1, 15/18 HPs)
             Began as a Demonspawn Monk on Dec 21, 2023.
             Was an Initiate of Ashenzari.
             Quit the game on level 1 of the Dungeon.
             The game lasted 00:00:24 (122 turns).

Kold the Trooper (Demonspawn Monk)                   Turns: 122, Time: 00:00:25

Health: 15/18      AC:  2    Str: 11    XL:     1   Next: 50%
Magic:  1/1        EV: 10    Int: 11    God:    Ashenzari [......]
Gold:   0          SH:  0    Dex: 15    Spells: 0/0 levels left

rFire   . .          .
                       - Unarmed
rCold   . . .        c - orb {light}
rNeg    . . .        a - +0 robe
rPois   .            (no helmet)
rElec   .            (no cloak)
rCorr   .            (no gloves)
SInv    .            (no boots)
Will    .....        (no amulet)
Stlth   +            (no ring)
HPRegen 0.23/turn    (no ring)
MPRegen 0.07/turn

%: no passive effects
@: glowing, constricted
A: no striking features
a: Renounce Religion, Curse Item


You were on level 1 of the Dungeon.
You worshipped Ashenzari.
Ashenzari was noncommittal.
You visited 1 branch of the dungeon, and saw 1 of its levels.

Inventory:

Armour
 a - a +0 robe (worn)
 c - an orb of light (worn)
Potions
 b - a potion of ambrosia
 d - a potion of resistance {unknown}


   Skills:
 + Level 3.1 Fighting
 + Level 2.7 Dodging
 + Level 2.8 Unarmed Combat


You couldn't memorise any spells.
You didn't know any spells.
Your spell library was empty.

Dungeon Overview and Level Annotations

Branches:
Dungeon (1/15)

Altars:
Ashenzari


Message History

The ball python hisses angrily.
A ball python is nearby!
You hit the ball python.
You kill the ball python!
No target in view!
Found a faded altar of an unknown god.
You see here a ball python corpse.
A ball python comes into view.
The ball python hisses angrily.
A ball python comes into view.
The ball python hisses angrily.
You hit the ball python.
The ball python is severely wounded.
The ball python closely misses you. The ball python barely misses you.
You hit the ball python.
You kill the ball python!
You barely miss the ball python. The ball python bites you.
The ball python closely misses you.
You hit the ball python but do no damage.
The ball python bites you. The ball python completely misses you.
You hit the ball python.
You kill the ball python!
No target in view!
A ball python comes into view.
The ball python hisses angrily.
You see here a ball python corpse.
The ball python barely misses you. The ball python grabs you.
The ball python constricts you.
There is a faded altar of an unknown god here.
Nothing quivered!
Okay, then.
Unknown command.
Press < or > to pray at altars.
This altar belongs to (a) Trog, (b) Ashenzari or (c) Wu Jian, but you can't tell which.
Press the corresponding letter to learn more about a god, or press enter to convert or escape to cancel.
Ashenzari accepts your prayer! Ashenzari welcomes you!
Ashenzari invites you to partake of a vision and a curse of elements and companions.
Ashenzari warns you of distant threats and treasures.
Ashenzari reveals the structure of the dungeon to you.
Ashenzari shows you where magical portals lie.
The ball python closely misses you. The ball python constricts you.
Are you sure you want to abandon this character and quit the game? (Confirm with "yes".)

#.# .... #.# ####..# ##
#.# ....# .
#.###########..# .##
#........†.#..## #..###
#########.#....###......
#...#...#...#
######.†...# ##S@.##
#.....# #...#...#
....###.... ##..# #..#..
##. .## # .. .. .. ..


You could see a ball python.

Vanquished Creatures
  A kobold (D:1)
  3 ball pythons (D:1)
  A rat (D:1)
5 creatures vanquished.

Notes
Turn   | Place    | Note
-------+----------+-------------------------------------------
     0 | D:1      | Kold the Demonspawn Monk began the quest for the Orb.
     0 | D:1      | Reached XP level 1. HP: 18/18 MP: 1/1
   107 | D:1      | Found a faded altar of an unknown god.
   121 | D:1      | Prayed at the altar of an unknown god.
   121 | D:1      | Became a worshipper of Ashenzari the Shackled
   122 | D:1      | Quit the game

Illustrated notes

Levels and vault maps discovered:
D:1:      dpeg_arrival_boxorama, layout_basic,
          nicolae_ecumenical_snake_handling, minmay_heptomino_w4

Action                     || total
---------------------------++-------
  Melee: Unarmed           ||     9
  Dodge: Dodged            ||     6
